 Dungeon Crawl Stone Soup version 0.28.0-47-ge53b351184 (webtiles) character file.

Game seed: 11716852028407573454

12 Zeld the Conjurer (level 2, 0/20 (23) HPs)
             Began as a Draconian Conjurer on Apr 29, 2022.
             Slain by an orc
             ... wielding a +0 dagger
              (3 damage)
             ... on level 2 of the Dungeon.
             The game lasted 00:01:43 (582 turns).

Zeld the Conjurer (Draconian Conjurer)               Turns: 582, Time: 00:01:44

HP:   0/20 (23)     AC:  4    Str:  9    XL:     2   Next: 20%
MP:   0/5           EV: 12    Int: 18    God:
Gold: 8             SH:  0    Dex:  9    Spells: 2/5 levels left

rFire   . . .      SeeInvis .   (no weapon)
rCold   . . .      Faith    .   (no shield)
rNeg    . . .      Spirit   .   (armour unavailable)
rPois   .          Reflect  .   (helmet restricted)
rElec   .          Harm     .   (no cloak)
rCorr   .          Rampage  .   (no gloves)
Will    .....                   (no boots)
Stlth   ++........              (no amulet)
HPRegen 0.06/turn               (no ring)
MPRegen 0.09/turn               (no ring)

@: heavily drained
A: AC +4, unfitting armour, cold-blooded
a: no special abilities


You were on level 2 of the Dungeon.
You visited 1 branch of the dungeon, and saw 2 of its levels.

You collected 8 gold pieces.

Inventory:

Scrolls
 a - a scroll of identify {unknown}
 c - 2 scrolls of amnesia {unknown}
Potions
 b - a potion of degeneration {unknown}


   Skills:
 * Level 1.0 Fighting
 + Level 1.8 Dodging
 + Level 1.9 Stealth
 * Level 2.1 Spellcasting
 * Level 4.1 Conjurations


You had 2 spell levels left.
You knew the following spells:

 Your Spells              Type           Power      Damage    Failure   Level
a - Magic Dart            Conj           64%        1d6       3%          1
b - Searing Ray           Conj           32%        2d5       4%          2

Your spell library contained the following spells:

 Spells                   Type           Power      Damage    Failure   Level
 Dazzling Flash           Conj/Hex       18%        N/A       22%         3
 Fulminant Prism          Conj/Hex       4%         3d6       58%         4
 Iskenderun's Mystic Bla  Conj/Tloc      9%         2d4       58%         4


Dungeon Overview and Level Annotations

Branches:
Dungeon (2/15)

Altars:


Innate Abilities, Weirdness & Mutations

Your plain brown scales are hard. (AC +4)
You cannot fit into any form of body armour.
You are cold-blooded and may be slowed by cold attacks.


Message History

Press: ? - help, Shift-Dir - straight line, f/p - orc
Aim: an orc, wielding a +0 dagger and wearing a +0 scale mail (100% to hit)
The magic dart hits the orc.
The orc is lightly wounded.
The orc hits you with a +0 dagger.
Unknown command.
You barely miss the orc.
Your tail-slap misses the orc.
The orc is lightly wounded.
The orc barely misses you.
Casting: Magic Dart (safe; 3% risk of failure)
Confirm with . or Enter, or press ? or * to list all spells.
Aiming: Magic Dart (safe; 3% risk of failure)
Press: ? - help, Shift-Dir - straight line, f/p - orc
Aim: an orc, wielding a +0 dagger and wearing a +0 scale mail (lightly wounded, 100% to hit)
The magic dart hits the orc.
The orc is severely wounded.
The orc hits you but does no damage. x3; You feel drained.
Casting: Magic Dart (safe; 3% risk of failure)
Confirm with . or Enter, or press ? or * to list all spells.
Aiming: Magic Dart (safe; 3% risk of failure)
Press: ? - help, Shift-Dir - straight line, f/p - orc
Aim: an orc, wielding a +0 dagger and wearing a +0 scale mail (severely wounded, 100% to hit)
The magic dart hits the orc but does no damage.
The orc is severely wounded.
The orc hits you from afar with a +0 trident!
The orc barely misses you. The orc misses you.
You closely miss the orc.
The orc is heavily wounded.
The orc barely misses you. The orc hits you with a +0 dagger.
The orc hits you with a +1 short sword of draining.
You feel drained. The orc hits you with a +0 trident.
* * * LOW HITPOINT WARNING * * *
Something hits you but does no damage.
The orc hits you with a +1 short sword of draining.
* * * LOW HITPOINT WARNING * * *
You feel drained.
* * * LOW HITPOINT WARNING * * *
The orc hits you with a +0 dagger.
You die...

############
#รท.o.......#
#.o@o......#
#..{o......#
#..........#
#..........#
#..........#
#..........#
#:.........####
#.............#
#####.#.##..#.#


You could see 4 orcs.

Vanquished Creatures
  2 ball pythons (D:2)
  2 bats (D:1)
  2 endoplasms
  A hobgoblin (D:2)
  A kobold (D:1)
  A quokka (D:1)
  A goblin (D:1)
10 creatures vanquished.

Notes
Turn   | Place    | Note
-------+----------+-------------------------------------------
     0 | D:1      | Zeld the Draconian Conjurer began the quest for the Orb.
     0 | D:1      | Reached XP level 1. HP: 14/14 MP: 3/3
   178 | D:1      | Found a faded altar of an unknown god.
   210 | D:1      | Reached XP level 2. HP: 7/22 MP: 0/5
   415 | D:1      | Learned a level 2 spell: Searing Ray
   536 | D:2      | Reached skill level 1 in Fighting
   582 | D:2      | Slain by an orc

Illustrated notes

Levels and vault maps discovered:
D:1:      minmay_arrival_stone_box, layout_basic, shapermc_ecumenical_altar_gd
D:2:      layout_rooms, basic_altar, minmay_quantized

Skill      XL: |  1  2 |
---------------+-------+-----
Fighting       | 1 |  1.0
Dodging        | |  1.8
Stealth        | |  1.9
Spellcasting   | |  2.1
Conjurations   | |  4.1

Action                   || total
-------------------------++-------
Melee: Unarmed           ||    22
       Punch             ||     1
       Tailslap          ||     1
 Cast: Magic Dart        ||    24
       Searing Ray       ||     1
Armor: Skin              ||    10
Dodge: Dodged            ||    26
